 Dungeon Crawl Stone Soup version 0.18.1-48-g4cf74bf (webtiles) character file.

62 Heedrag the Magician (level 3, 0/19 HPs)
             Began as a Deep Elf Conjurer on July 24, 2016.
             Slain by Terence
             ... wielding a +1 hand axe of venom
              (1 damage)
             ... on level 2 of the Dungeon.
             The game lasted 00:03:25 (1311 turns).

Heedrag the Magician (Deep Elf Conjurer)            Turns: 1311, Time: 00:03:25

Health: 0/19       AC:  2    Str:  6    XL:     3   Next: 85%
Magic:  4/12       EV: 13    Int: 19    God:
Gold:   103        SH:  0    Dex: 15    Spells: 1 memorised, 12 levels left

rFire  . . .     SeeInvis .     e - +0 dagger
rCold  . . .     Gourm    .     a - +0 robe
rNeg   . . .     Faith    .     (no shield)
rPois  .         Spirit   .     (no helmet)
rElec  .         Dismiss  .     (no cloak)
rCorr  .         Reflect  .     (no gloves)
SustAt .         Harm     .     (no boots)
MR     .....     Rnd*Tele +     (no amulet)
Stlth  ++........               (no ring)
                                d - ring of teleportation (curse)

@: lethally poisoned (0 -> -22), not resistant to hostile enchantments,
unstealthy
A: no striking features
a: no special abilities


You were on level 2 of the Dungeon.
You were very hungry.

You visited 1 branch of the dungeon, and saw 2 of its levels.

You collected 103 gold pieces.

Inventory:

Hand Weapons
 e - a +0 dagger (weapon)
Armour
 a - a +0 robe (worn)
Jewellery
 d - a cursed ring of teleportation (left hand)
Scrolls
 f - 2 scrolls of identify {unknown}
 h - a scroll of random uselessness {unknown}
 i - 2 scrolls of amnesia {unknown}
 j - a scroll of recharging {unknown}
 k - 5 scrolls of remove curse {unknown}
 l - a scroll of teleportation {unknown}
Potions
 m - a potion of cure mutation {unknown}
 o - a potion of invisibility {unknown}
Books
 b - a book of Conjurations

   Spells                             Type                      Level
   a - Magic Dart                     Conjuration                  1
   b - Searing Ray                    Conjuration                  2
   c - Dazzling Spray                 Conjuration/Hexes            3
   d - Fulminant Prism                Conjuration/Hexes            4
   e - Iskenderun's Mystic Blast      Conjuration                  4
   f - Iskenderun's Battlesphere      Conjuration/Charms           5
 n - a book of Transfigurations

   Spells                             Type                      Level
   a - Irradiate                      Conjuration/Transmutation    5
   b - Statue Form                    Transmutation/Earth          6
   c - Hydra Form                     Transmutation                6
   d - Dragon Form                    Transmutation                7
Comestibles
 c - a bread ration
 g - a meat ration


   Skills:
 - Level 2.4 Dodging
 - Level 2.4 Stealth
 * Level 5.8 Spellcasting
 - Level 4.3 Conjurations


You had 12 spell levels left.
You knew the following spells:

 Your Spells              Type           Power        Failure   Level  Hunger
a - Magic Dart            Conj           ###.         1%          1    None


Dungeon Overview and Level Annotations

Branches:
Dungeon (2/15)

Altars:

Annotations:
D:2 Terence


Message History

Castin': Magic Dart Confirm wit' . or Enter, or press ? or * ta list all spells.
Aimin': Magic Dart
Press: ? - help, Shift-Dir - straight line, f/p - Terence
Aim: Terence, wieldin' a hand axe o' venom an' wearin' a rin' mail (severely wounded) Tha magic dart hits Terence.
Terence be almost dead.
* * * LOW HITPOINT WARNIN'
* * * Ye feel sick.
Castin': Magic Dart Confirm wit' . or Enter, or press ? or * ta list all spells.
Aimin': Magic Dart
Press: ? - help, Shift-Dir - straight line, f/p - Terence
Aim: Terence, wieldin' a hand axe o' venom an' wearin' a rin' mail (almost dead) Tha magic dart hits Terence.
Terence be almost dead.
* * * LOW HITPOINT WARNIN'
* * * Ye feel sick.
Terence hits ye wit' a hand axe o' venom.
Ye die...

###.#...........#..
#.........#
###.........#
#......[........
#.###.########g..
#.#........(.# .l.
# #...###...## #.
#.......#.#
#.#######@#
#.#.....@##
#.#...... #.#....>.
#.#.....) .......#.
######. #.


You could see Terence.

Vanquished Creatures
  An adder (D:2)
  2 oozes
  A dart slug (D:1)
  A giant gecko (D:1)
  3 bats
  3 giant cockroaches
  5 goblins (D:1)
  6 hobgoblins
  3 jackals (D:1)
  5 kobolds (D:1)
  2 giant newts (D:2)
  5 rats
37 creatures vanquished.

Notes
Turn   | Place    | Note
--------------------------------------------------------------
     0 | D:1      | Heedrag the Deep Elf Conjurer began the quest for the Orb.
     0 | D:1      | Reached XP level 1. HP: 10/10 MP: 6/6
   125 | D:1      | Reached XP level 2. HP: 15/15 MP: 0/8
   155 | D:1      | Reached skill level 4 in Spellcasting
   633 | D:1      | Reached XP level 3. HP: 19/19 MP: 1/11
   737 | D:1      | Reached skill level 5 in Spellcasting
  1297 | D:2      | Noticed Terence
  1311 | D:2      | Slain by Terence

Skill      XL: |  1  2  3 |
---------------+----------+-----
Spellcasting   | 4 5 |  5.8
Dodging        | |  2.4
Stealth        | |  2.4
Conjurations   | |  4.3

Action                   || total
-------------------------++-------
Melee: Dagger            ||    21
 Cast: Magic Dart        ||    90
Armor: Robe              ||     3
Dodge: Dodged            ||    15
